Map: Abyssal Reef LE

Players

Jar

  • Race: Zerg Zerg
  • League: Diamond
  • Spawn Location: 5:00

A.I. 1 (Easy) - Winner!

  • Race: Protoss Protoss
  • Spawn Location: 11:00

VOD

Have the link to the VOD?

Description

Time

  • Played on: March 8, 2025, 11:46 a.m.
  • Length: 5:28
Show
View Real Time Build Order
Export as new Build Order

Jar Zerg 

Build Orders: Hatch First 

Get SALT Encoding   

  12  0:00  Drone  
  13  0:09  Drone  
  14  0:17  Overlord  
  14  0:23  Extractor, Drone  
  15  0:36  Drone  
  16  0:47  Hatchery  
  15  0:51  Drone  
  15  0:54  Drone  
  17  1:00  Drone  
  18  1:07  Extractor  
  17  1:14  Spawning Pool  
  17  1:16  Drone  
  17  1:20  Drone  
  18  1:26  Drone  
  19  1:37  Drone  
  20  1:47  Drone  
  21  1:58  Overlord  
  21  2:01  Queen x2  
  21  2:02  Zergling x2  
  26  2:09  Drone  
  26  2:12  Metabolic Boost  
  28  2:15  Drone  
  28  2:23  Drone x2  
  30  2:33  Drone x2  
  32  2:42  Hatchery, Drone  
  32  2:45  Drone  
  33  2:52  Overlord  
  33  2:56  Queen  
  35  3:00  Drone  
  36  3:09  Queen  
  38  3:14  Drone x2  
  38  3:15  Drone x3  
  43  3:26  Overlord  
  43  3:27  Drone  
  43  3:29  Overlord  
  43  3:34  Extractor  
  43  3:36  Extractor  
  42  3:45  Baneling Nest  
  42  3:47  Evolution Chamber x2  
  39  3:53  Drone x2  
  39  3:54  Drone x6  
  47  4:00  Lair  
  47  4:10  Drone  
  47  4:13  Drone x2  
  47  4:14  Drone  
  51  4:21  Queen  
  51  4:22  Drone  
  51  4:23  Drone x3  
  57  4:29  Zergling x6  
  60  4:36  Zergling x4  
  60  4:37  Zergling x2  
  63  4:39  Zergling x2  
  63  4:40  Zergling x2  
  65  4:47  Drone  
  65  4:50  Overlord x2  
  66  5:09  Extractor  
  65  5:25  Hatchery  
  65  5:26  Hydralisk Den  
Show
View Real Time Build Order
Export as new Build Order

A.I. 1 (Easy) Protoss - Winner!

Build Orders:  

Get SALT Encoding   

  12  0:00  Probe  
  13  0:13  Probe  
  14  0:19  Pylon  
  14  0:25  Probe  
  15  0:33  Probe  
  15  0:39  Gateway  
  16  0:44  Assimilator  
  16  0:54  Pylon  
  16  1:17  Assimilator  
  16  1:24  Zealot  
  16  1:27  Cybernetics Core  
  18  1:59  Warp Gate  
  18  2:01  Adept  
  18  2:08  Pylon  
  20  2:15  Probe  
  21  2:27  Probe  
  22  2:39  Probe  
  22  2:40  Stalker  
  25  2:51  Probe  
  26  3:03  Probe  
  27  3:15  Probe  
  27  3:18  Adept  
  30  3:56  Stalker  
  32  5:15  Probe  
Tags
 
League
Diamond
Matchup
PvZ
Spawn Locations
Cross Positions
Add a new tag
Caveats
  • Supply blocks, unpowered buildings, or Contaminate may cause inaccurate times.
  • Supply counts are checked every 10 seconds.